 Dungeon Crawl Stone Soup version 0.28-a0-479-g5baa6b73be (webtiles) character file.

Game seed: 12502397793724557297

43 Dabor the Sneak (level 3, -1/17 HPs)
             Began as a Spriggan Enchanter on Sept 19, 2021.
             Slain by a worm (11 damage)
             ... on level 2 of the Dungeon.
             The game lasted 00:03:03 (3074 turns).

Dabor the Sneak (Spriggan Enchanter)                Turns: 3074, Time: 00:03:04

Health: -1/17      AC:  2    Str:  5    XL:     3   Next: 37%
Magic:  8/8        EV: 17    Int: 16    God:
Gold:   94         SH:  0    Dex: 15    Spells: 8/8 levels left

rFire   . . .      SeeInvis +   a - +1 dagger
rCold   . . .      Faith    .   (shield restricted)
rNeg    . . .      Spirit   .   b - +0 robe
rPois   .          Reflect  .   (helmet restricted)
rElec   .          Harm     .   (no cloak)
rCorr   .          Rampage  .   (gloves unavailable)
Will    .....                   (boots unavailable)
Stlth   +++.......              (no amulet)
HPRegen 0.05/turn               (no ring)
MPRegen 0.11/turn               (no ring)

@: very quick
A: very small, no large weapons, unfitting armour, see invisible, speed 3
a: no special abilities


You were on level 2 of the Dungeon.
You visited 1 branch of the dungeon, and saw 2 of its levels.

You collected 94 gold pieces.

Inventory:

Hand Weapons
 a - a +1 dagger (weapon)
Missiles
 j - 90 stones (quivered)
Armour
 b - a +0 robe (worn)
Wands
 i - a wand of flame (13)
Scrolls
 d - a scroll of vulnerability {unknown}
 f - a scroll of silence {unknown}
 g - a scroll of noise {unknown}
 k - a scroll of identify {unknown}
Potions
 c - a potion of invisibility
 e - 4 potions of curing {unknown}
 h - a potion of magic {unknown}
 l - a potion of haste {unknown}


   Skills:
 + Level 0.6 Fighting
 + Level 1.7 Short Blades
 + Level 3.0 Dodging
 * Level 5.4 Stealth
 + Level 3.1 Spellcasting
 + Level 3.8 Hexes


You had 8 spell levels left.
You didn't know any spells.
Your spell library contained the following spells:

 Spells                   Type           Power      Damage    Failure   Level
 Confusing Touch          Hex            14%        N/A       12%         3
 Tukima's Dance           Hex            14%        N/A       12%         3
 Ensorcelled Hibernation  Hex/Ice        16%        N/A       13%         2
 Dazzling Flash           Conj/Hex       16%        N/A       26%         3
 Inner Flame              Hex/Fire       8%         N/A       26%         3
 Cause Fear               Hex            7%         N/A       36%         4
 Discord                  Hex            7%         N/A       100%        8


Dungeon Overview and Level Annotations

Branches:
Dungeon (2/15)

Altars:


Innate Abilities, Weirdness & Mutations

You are very small and have problems with some larger weapons.
You are too small for most types of armour.
You have supernaturally acute eyesight. (SInv)
You cover ground extremely quickly. (Speed+++)


Message History

You kill the goblin!
No target in view!
No target in view!
No target in view!
Things that are here:
a +0 club; a goblin corpse You open the door.
You open the door.
There is an open door here.
You now have 94 gold pieces (gained 10).
There is an open door here.
Key pressed, stopping explore.
A worm comes into view.
A worm is nearby!
A worm is nearby!
A worm is nearby!
You barely miss the worm. You hit the worm but do no damage.
The worm closely misses you.
You hit the worm.
The worm is lightly wounded.
You hit the worm.
The worm is moderately wounded.
The worm bites you!
You hit the worm.
The worm is moderately wounded.
You hit the worm but do no damage.
The worm is moderately wounded.
The worm misses you.
You barely miss the worm.
The worm is moderately wounded.
You hit the worm but do no damage.
The worm is moderately wounded.
The worm misses you.
You hit the worm.
The worm is moderately wounded.
You hit the worm.
The worm is moderately wounded.
The worm bites you!
Ouch! That really hurt!
You die...

##
.####################
...............w@...#
..#################.#
..######.......# #.#
..).........##.# #.#
..######.##.##.# #.#
..# ..#.##.##.# #.#
.## ...#.##.##.# #.#
.##....#.##.##.# #.#
.>#....#.##.##.# #.#


You could see a worm.

Vanquished Creatures
  An adder (D:2)
  A dart slug (D:1)
  3 bats
  2 endoplasms (D:1)
  A giant cockroach (D:1)
  5 goblins
  A hobgoblin (D:1)
  3 jackals (D:1)
  A quokka (D:1)
  4 ball pythons
  3 frilled lizards
  2 kobolds
  3 rats (D:1)
30 creatures vanquished.

Notes
Turn   | Place    | Note
-------+----------+-------------------------------------------
     0 | D:1      | Dabor the Spriggan Enchanter began the quest for the Orb.
     0 | D:1      | Reached XP level 1. HP: 9/9 MP: 5/5
   428 | D:1      | Reached XP level 2. HP: 13/13 MP: 6/6
   737 | D:1      | Reached skill level 5 in Stealth
  2556 | D:2      | Reached XP level 3. HP: 11/17 MP: 8/8
  3074 | D:2      | Slain by a worm

Illustrated notes

Levels and vault maps discovered:
D:1:      onia_arrival_mini_spirals, layout_basic,
          hangedman_abyss_or_decor_lesser_grid, minivault_5,
          minmay_indecisive_spiral
D:2:      layout_basic

Skill      XL: |  1  2 |
---------------+-------+-----
Stealth        | 5 |  5.4
Dodging        | 3 |  3.0
Spellcasting   | 3 |  3.1
Fighting       | |  0.6
Short Blades   | |  1.7
Hexes          | |  3.8

Action                   || total
-------------------------++-------
Melee: Dagger            ||   189
Throw: Stone             ||    12
 Stab: Sleeping          ||     7
Armor: Robe              ||    30
Dodge: Dodged            ||   162

Table legend: (Time is in decaauts)
 A = Elapsed time spent in this place.
 B = Non-inter-level travel time spent in this place.
 C = Inter-level travel time spent in this place.
 D = Time resting spent in this place.
 E = Time spent auto-exploring this place.
 F = Levels seen in this place.
 G = Mean time per level.
                   A        B        C        D        E       F      G
               +--------+--------+--------+--------+--------+-----+--------+
         Total |   2420 |   2368 |     52 |    609 |   1375 |   2 | 1210.0 |
       Dungeon |   2420 |   2368 |     52 |    609 |   1375 |   2 | 1210.0 |
               +--------+--------+--------+--------+--------+-----+--------+

Top non-repeatable levels by time:
     D:1: 1905 daAuts
     D:2: 515 daAuts
